 Dungeon Crawl Stone Soup version 0.30.1-11-g7821555f0a (webtiles) character file.

Game seed: 577694267957917583

1376 lonewolfV2 the Blocker (level 8, -3/68 HPs)
             Began as a Formicid Fighter on Nov 16, 2023.
             Was a Follower of Qazlal.
             Slain by an ogre
             ... wielding a +0 giant club
              (19 damage)
             ... on level 5 of the Dungeon.
             The game lasted 00:07:15 (5294 turns).

lonewolfV2 the Blocker (Formicid Fighter)           Turns: 5294, Time: 00:07:15

Health: -3/68      AC: 10    Str: 24    XL:     8   Next: 98%
Magic:  8/8        EV:  6    Int:  7    God:    Qazlal [*.....]
Gold:   278        SH: 17    Dex: 13    Spells: 7/7 levels left

rFire   . . .        a - +1 war axe
rCold   + . .        s - +0 tower shield
rNeg    . . .        t - +0 chain mail
rPois   .            (helmet unavailable)
rElec   .            o - +0 cloak
rCorr   +            (no gloves)
SInv    +            (no boots)
Will    .....        (no amulet) Stlth
                     e - ring of resist corrosion
HPRegen 0.31/turn    n - ring of protection from cold
MPRegen 0.11/turn

%: no passive effects
@: mighty
A: permanent stasis, dig shafts and tunnels, antennae 3, four strong arms
a: Dig, Shaft Self, Renounce Religion


You were on level 5 of the Dungeon.
You worshipped Qazlal.
Qazlal was aware of your devotion.
You visited 1 branch of the dungeon, and saw 6 of its levels.

You collected 278 gold pieces.

Inventory:

Hand Weapons
 a - a +1 war axe (weapon)
Armour
 o - a +0 cloak (worn)
 s - a +0 tower shield (worn)
 t - a +0 chain mail (worn)
Jewellery
 b - a ring of fire
 e - a ring of resist corrosion (left hand)
 n - a ring of protection from cold (right hand)
Scrolls
 i - 2 scrolls of teleportation
 k - a scroll of magic mapping
Potions
 c - 2 potions of cancellation {unknown}
 f - 3 potions of flight
 h - 3 potions of attraction
 j - 3 potions of mutation
 l - 2 potions of magic {unknown}
 m - a potion of berserk rage {unknown}
 p - 3 potions of lignification


   Skills:
 + Level 8.0 Fighting
 - Level 5.5 Axes
 - Level 3.2 Armour
 * Level 8.7 Shields


You had 7 spell levels left.
You didn't know any spells.
Your spell library contained the following spells:

 Spells                   Type           Power      Damage    Failure   Level
 Summon Small Mammal      Summ           0%         N/A       100%        1
 Lesser Beckoning         Tloc           0%         N/A       100%        2
 Momentum Strike          Conj/Tloc      0%         3d8       100%        2
 Call Canine Familiar     Summ           0%         N/A       100%        3
 Summon Guardian Golem    Hex/Summ       0%         N/A       100%        3
 Blink                    Tloc           Unusable   N/A       N/A         2

Dungeon Overview and Level Annotations

Branches:
Dungeon (6/15)
 Temple: D:4-7

Altars:
Dithmenos
Elyvilon
Okawaru
Qazlal
Sif Muna

Shops:
D:3 (

Annotations:
D:4 3 runed translucent doors, chicagocrazy's ghost, amateur OgTm


Innate Abilities, Weirdness & Mutations

You cannot be hasted, slowed, berserked, paralysed or teleported.
You can dig through walls and to a lower floor.
You have a pair of large antennae on your head. (SInv)
Your four strong arms can wield two-handed weapons with a shield.


Message History

An orc warrior comes into view. It is wielding a +0 dire flail.
The orc priest casts a cantrip, but nothing happens.
You block the gnoll bouda's attack.
The gnoll bouda hits you with a +0 club!
The cyclops throws a large rock.
You block the large rock. You block the ogre's attack.
The orc priest calls down the wrath of Beogh upon you.
Beogh smites you!
The gnoll bouda hits you with a +0 whip!
The gnoll bouda hits you but does no damage.
The ogre shouts!
You climb upwards.
There is a stone staircase leading down, spattered with blood here.
You slash the ogre!
The ogre is moderately wounded.
You hit the gnoll bouda. x2
The gnoll bouda hits you but does no damage.
You block the gnoll bouda's attack. You block the ogre's attack.
You hit the ogre.
The ogre is heavily wounded.
You hit the gnoll bouda. You slash the gnoll bouda!
You block the gnoll bouda's attack. x2; The ogre barely misses you.
The gnoll bouda hits you with a +0 club.
The gnoll bouda hits you with a +0 whip.
* * * LOW HITPOINT WARNING * * *
You feel very mighty all of a sudden.
The gnoll bouda hits you but does no damage.
The gnoll bouda calls upon its god to heal the gnoll bouda.
The gnoll bouda's wounds heal themselves!
You completely miss the ogre.
The ogre is heavily wounded.
You slash the gnoll bouda! You closely miss the gnoll bouda.
The ogre completely misses you.
The gnoll bouda calls upon its god to heal the gnoll bouda.
The gnoll bouda is healed somewhat.
You block the gnoll bouda's attack.
You slash the ogre!
The ogre is almost dead.
You hit the gnoll bouda. You closely miss the gnoll bouda.
The ogre hits you with a +0 giant club!!
You die...

### #.# #.# ##..........#
#.# # ..# #.# #.#
#..........###.#### ..#
#.#
#.#####..................
..# #.#
#....###......#.####.####
### #.# #....# #.####.#.#
#.# #.###....# #.# #.#.#
#.# #...'....###.####.#.#
#.#
#########.......(○......#
#.#
........[.......@O......#
#.#
#############..[gg......#
#.# ........##
#...........# #.#
.........# #...........#
#.#
.........#######'####'#.#
#.# ...........### #.#
#.#.# #.# .........#...#
#.# #.#.# #.#
.........#...# #.# #.#.#
#.# ########.#...###.#
#.#.# #.#


You could see an ogre and 2 gnoll boudas.

Vanquished Creatures
  A wraith (D:5)
  4 ogres (D:5)
  A phantom (D:5)
  A kobold brigand (D:5)
  2 scorpions
  4 howler monkeys
  A hound (D:6)
  2 sleepcaps
  An orc priest (D:3)
  2 iguanas (D:5)
  2 orc wizards
  3 gnolls
  9 adders
  A river rat (D:5)
  2 ufetubi (D:5)
  4 worms
  22 orcs
  11 ball pythons
  8 bats
  14 endoplasms
  5 giant cockroaches
  6 goblins
  4 hobgoblins
  6 quokkas
  2 frilled lizards
  6 kobolds
  3 rats
127 creatures vanquished.

Notes
Turn   | Place    | Note
-------+----------+-------------------------------------------
     0 | D:1      | lonewolfV2 the Formicid Fighter began the quest for the
                  | Orb.
     0 | D:1      | Reached XP level 1. HP: 18/18 MP: 1/1
   216 | D:1      | Reached XP level 2. HP: 23/24 MP: 2/2
   875 | D:1      | Reached XP level 3. HP: 26/30 MP: 3/3
  1247 | D:2      | Reached XP level 4. HP: 14/38 MP: 4/4
  1842 | D:2      | Found a shimmering blue altar of Sif Muna.
  2033 | D:3      | Reached XP level 5. HP: 43/43 MP: 5/5
  2203 | D:3      | Found an iron altar of Okawaru.
  2212 | D:3      | Reached skill level 5 in Fighting
  2314 | D:3      | Found Eceleut's Weapon Emporium.
  2632 | D:4      | Found a stormy altar of Qazlal.
  2643 | D:4      | Became a worshipper of Qazlal Stormbringer
  2662 | D:4      | Reached XP level 6. HP: 51/51 MP: 6/6
  2867 | D:4      | Found a runed translucent gate.
  2867 | D:4      | Found a runed translucent gate.
  2900 | D:4      | Found a runed translucent gate.
  3025 | D:4      | Found a white marble altar of Elyvilon.
  3104 | D:4      | Noticed chicagocrazy's ghost (amateur OgTm)
  3296 | D:4      | Reached skill level 5 in Axes
  3429 | D:5      | Entered Level 5 of the Dungeon
  3437 | D:5      | Noticed an ogre
  3441 | D:5      | Killed an ogre
  3442 | D:5      | Reached XP level 7. HP: 59/59 MP: 7/7
  3618 | D:5      | Reached * piety under Qazlal
  4201 | D:5      | Found a shadowy altar of Dithmenos.
  4384 | D:5      | Reached skill level 5 in Shields
  4477 | D:6      | Reached XP level 8. HP: 48/67 MP: 8/8
  4489 | D:6      | Noticed a cyclops
  4557 | D:6      | Noticed a wraith
  4583 | D:5      | Killed a wraith
  5294 | D:5      | Slain by an ogre

Illustrated notes

Levels and vault maps discovered:
D:1:      psy_arrival_radial02, layout_basic, hex_intersection
D:2:      layout_basic, basic_altar
D:3:      layout_rooms, okawaru_altar_gauntlet_db, serial_shops, shop
D:4:      layout_cave_pools, nicolae_elyvilon_peaceful_grove,
          mainiacjoe_overflow_small_starburst, ebering_ghost_rock_garden
D:5:      layout_basic, mainiacjoe_overflow_24_doors, portal_sewer_entry_b
D:6:      lemuel_castle_with_subvaults [lemuel_castle_interior_original],
          layout_cave_pools, mainiacjoe_overflow_catwalk,
          minmay_temple_entry_sparse_star

Skill      XL: |  1  2  3  4  5  6  7  8 |
---------------+-------------------------+-----
Fighting       | 4 5 6 7 8 |  8.0
Axes           | 3 4 5 |  5.5
Shields        | 5 8 |  8.7
Armour         | |  3.2

Action                     |  1- 3 |  4- 6 |  7- 9 || total
---------------------------+-------+-------+-------++-------
  Melee: War axe           |    86 |   180 |   127 ||   393
    Use: Scroll            |     4 |    11 |     3 ||    18
         Potion            |       |       |     5 ||     5
 Armour: Scale mail        |    63 |    76 |       ||   139
         Chain mail        |       |    18 |    62 ||    80
  Dodge: Dodged            |    45 |   100 |    34 ||   179
  Block: Buckler           |    40 |    59 |       ||    99
         Tower shield      |       |    31 |   143 ||   174
